 Dungeon Crawl Stone Soup version 0.22.0-21-g8bd1b0a (webtiles) character file.

113 Anothat the Magician (level 4, -2/32 HPs)
             Began as a Gnoll Wizard on Aug 19, 2018.
             Slain by a gnoll
             ... wielding a +0 spear
              (4 damage)
             ... on level 3 of the Dungeon.
             The game lasted 00:06:24 (2749 turns).

Anothat the Magician (Gnoll Wizard)                 Turns: 2749, Time: 00:06:25

Health: -2/32      AC:  3    Str:  9    XL:     4   Next: 96%
Magic:  3/13       EV: 14    Int: 22    God:
Gold:   118        SH:  3    Dex: 13    Spells: 4/17 levels left

rFire    . . .     SeeInvis .   s - +0 dagger
rCold    . . .     Gourm    .   (no shield)
rNeg     + . .     Faith    .   a - +0 robe
rPois    .         Spirit   .   b - +0 hat
rElec    .         Reflect  +   (no cloak)
rCorr    .         Harm     .   l - +0 pair of gloves
MR       .....                  (no boots)
Stlth    +++.......             c - +3 amulet of reflection
HPRegen  0.10/turn              f - ring of positive energy
MPRegen  0.13/turn              (no ring)

@: no status effects
A: distributed training, fangs 1, strong nose
a: no special abilities


You were on level 3 of the Dungeon.
You were not hungry.

You visited 1 branch of the dungeon, and saw 3 of its levels.

You collected 118 gold pieces.

Inventory:

Hand Weapons
 m - a +0 hunting sling
 s - a +0 dagger (weapon)
Armour
 a - a +0 robe (worn)
 b - a +0 hat (worn)
 l - a +0 pair of gloves (worn)
 q - a cursed +0 pair of gloves
Jewellery
 c - a +3 amulet of reflection (around neck)
 f - a ring of positive energy (left hand)
Scrolls
 h - a scroll of fog {unknown}
 k - a scroll of enchant weapon {unknown}
 p - a scroll of noise {unknown}
 r - 2 scrolls of identify {unknown}
Potions
 e - 2 potions of haste {unknown}
 g - 2 potions of might {unknown}
 i - a potion of heal wounds {unknown}
 j - 2 potions of agility {unknown}
 n - a potion of mutation {unknown}
 o - 3 potions of berserk rage {unknown}
Comestibles
 d - 4 rations


   Skills:
 + Level 1.2 Fighting
 + Level 1.2 Short Blades
 + Level 1.2 Long Blades
 + Level 1.2 Axes
 + Level 1.2 Maces & Flails
 + Level 1.2 Polearms
 + Level 1.2 Staves
 + Level 1.2 Slings
 + Level 1.2 Bows
 + Level 1.2 Crossbows
 + Level 1.2 Throwing
 + Level 1.2 Armour
 + Level 4.7 Dodging
 + Level 4.3 Stealth
 + Level 1.2 Shields
 + Level 1.2 Unarmed Combat
 + Level 7.2 Spellcasting
 + Level 2.3 Conjurations
 + Level 1.0 Hexes
 + Level 1.0 Charms
 + Level 2.3 Summonings
 + Level 1.0 Necromancy
 + Level 2.3 Translocations
 + Level 1.0 Transmutations
 + Level 1.0 Fire Magic
 + Level 1.0 Ice Magic
 + Level 1.0 Air Magic
 + Level 1.0 Earth Magic
 + Level 1.0 Poison Magic
 + Level 1.4 Invocations
 + Level 1.2 Evocations


You had 4 spell levels left.
You knew the following spells:

 Your Spells              Type           Power        Failure   Level  Hunger
a - Magic Dart            Conj           ###.         3%          1    None
b - Blink                 Tloc           N/A          4%          2    None
c - Call Imp              Summ           ###.....     4%          2    None
d - Slow                  Hex            ##......     8%          2    None
e - Conjure Flame         Conj/Fire      ###.....     12%         3    None
f - Mephitic Cloud        Conj/Pois/Air  ##......     13%         3    None

Your spell library contained the following spells:

 Spells                   Type           Power        Failure   Level  Hunger


Dungeon Overview and Level Annotations

Branches:
Dungeon (3/15)

Altars:


Innate Abilities, Weirdness & Mutations

Your experience applies equally to all skills.
You have very sharp teeth.
Your uncanny sense of smell can sniff out nearby items.


Message History

You miscast Mephitic Cloud.
You are very lightly contaminated with residual magic.
You are momentarily dazzled by a flash of light!
You aren't carrying any items that you can evoke.
Okay, then.
Okay, then.
The gnoll hits you with a spear!
The gnoll hits you from afar with a spear!
The gnoll misses you.
The gnoll hits you from afar with a spear.
You block the gnoll's attack.
The gnoll hits you from afar with a spear.
* * * LOW HITPOINT WARNING * * *
The gnoll hits you but does no damage. The gnoll barely misses you.
The gnoll hits you from afar with a spear!
* * * LOW HITPOINT WARNING * * *
Your magical contamination has completely faded away.
The orc shouts, "What's happening?!"
The gnoll hits you from afar with a spear.
You die...

#...........#
#...........#
#...........# #
#...%.......#
..#####...........#
.<................#
...o.....gg......#
..#.....##.....## ∆
##..@####.####
###)####.### ##.##...g.#
###### ##..##.....#
#.....
##..###.....####.>...
#####..###.........g.....
#.....#.........####<....
#.......###.....# ######
#..###### #######


You could see 2 gnolls and an orc (confused).

Vanquished Creatures
  A gnoll (D:3)
  An adder (D:2)
  2 worms (D:2)
  4 dart slugs (D:1)
  An orc (D:3)
  A giant cockroach (D:2)
  3 goblins
  7 hobgoblins
  2 jackals (D:1)
  6 kobolds
  2 quokkas (D:2)
  11 bats
  3 frilled lizards
  4 rats
48 creatures vanquished.

Vanquished Creatures (collateral kills)
  Terence (D:3)
  Natasha (D:3)
  An adder (D:2)
  A frilled lizard (D:2)
4 creatures vanquished.

Grand Total: 52 creatures vanquished

Notes
Turn   | Place    | Note
-------+----------+-------------------------------------------
     0 | D:1      | Anothat the Gnoll Wizard began the quest for the Orb.
     0 | D:1      | Reached XP level 1. HP: 13/13 MP: 8/8
   198 | D:1      | Reached XP level 2. HP: 19/19 MP: 6/10
   644 | D:1      | Reached XP level 3. HP: 25/25 MP: 7/11
   884 | D:1      | Learned a level 2 spell: Blink
   887 | D:1      | Learned a level 2 spell: Call Imp
   890 | D:1      | Learned a level 2 spell: Slow
   894 | D:1      | Learned a level 3 spell: Conjure Flame
   898 | D:1      | Learned a level 3 spell: Mephitic Cloud
  1127 | D:2      | Reached skill level 1 in Invocations
  1635 | D:2      | Reached skill level 1 in Fighting
  1635 | D:2      | Reached skill level 1 in Short Blades
  1635 | D:2      | Reached skill level 1 in Long Blades
  1635 | D:2      | Reached skill level 1 in Axes
  1635 | D:2      | Reached skill level 1 in Maces & Flails
  1635 | D:2      | Reached skill level 1 in Polearms
  1635 | D:2      | Reached skill level 1 in Staves
  1635 | D:2      | Reached skill level 1 in Slings
  1635 | D:2      | Reached skill level 1 in Bows
  1635 | D:2      | Reached skill level 1 in Crossbows
  1635 | D:2      | Reached skill level 1 in Throwing
  1635 | D:2      | Reached skill level 1 in Armour
  1635 | D:2      | Reached skill level 1 in Shields
  1635 | D:2      | Reached skill level 1 in Unarmed Combat
  1635 | D:2      | Reached skill level 1 in Evocations
  1888 | D:2      | Reached XP level 4. HP: 32/32 MP: 10/13
  2546 | D:3      | Noticed Natasha
  2546 | D:3      | Noticed Terence
  2560 | D:3      | Killed Terence
  2563 | D:3      | Killed Natasha
  2563 | D:3      | Reached skill level 1 in Hexes
  2563 | D:3      | Reached skill level 1 in Charms
  2563 | D:3      | Reached skill level 1 in Necromancy
  2563 | D:3      | Reached skill level 1 in Transmutations
  2563 | D:3      | Reached skill level 1 in Fire Magic
  2563 | D:3      | Reached skill level 1 in Ice Magic
  2563 | D:3      | Reached skill level 1 in Air Magic
  2563 | D:3      | Reached skill level 1 in Earth Magic
  2563 | D:3      | Reached skill level 1 in Poison Magic
  2733 | D:3      | HP: 1/32 [gnoll/spear (8)]
  2749 | D:3      | Slain by a gnoll

Skill      XL: |  1  2  3  4 |
---------------+-------------+-----
Conjurations   | 2 |  2.3
Summonings     | 2 |  2.3
Translocations | 2 |  2.3
Invocations    | 1 |  1.4
Fighting       | 1 |  1.2
Short Blades   | 1 |  1.2
Long Blades    | 1 |  1.2
Axes           | 1 |  1.2
Maces & Flails | 1 |  1.2
Polearms       | 1 |  1.2
Staves         | 1 |  1.2
Slings         | 1 |  1.2
Bows           | 1 |  1.2
Crossbows      | 1 |  1.2
Throwing       | 1 |  1.2
Armour         | 1 |  1.2
Shields        | 1 |  1.2
Unarmed Combat | 1 |  1.2
Evocations     | 1 |  1.2
Hexes          | 1 |  1.0
Charms         | 1 |  1.0
Necromancy     | 1 |  1.0
Transmutations | 1 |  1.0
Fire Magic     | 1 |  1.0
Ice Magic      | 1 |  1.0
Air Magic      | 1 |  1.0
Earth Magic    | 1 |  1.0
Poison Magic   | 1 |  1.0
Dodging        | |  4.7
Stealth        | |  4.3
Spellcasting   | |  7.2

Action                   |  1- 3 |  4- 6 || total
-------------------------+-------+-------++-------
Melee: Unarmed           |     3 |     3 ||     6
       Dagger            |       |     8 ||     8
 Cast: Magic Dart        |    95 |    36 ||   131
       Call Imp          |     5 |     5 ||    10
       Mephitic Cloud    |       |     2 ||     2
  Eat: Chunk             |     2 |     1 ||     3
       Ration            |       |     1 ||     1
Armor: Robe              |     3 |     5 ||     8
Dodge: Dodged            |    24 |    15 ||    39
Block: Other             |     1 |     4 ||     5
